 Dungeon Sprint DCSS version 0.30.1-11-g7821555f0a (webtiles) character file.

Game seed: 10994376451777209245

11665 Groucho the Unseen (level 11, -8/52 HPs)
             Began as a Spriggan Enchanter on Dec 10, 2023.
             Was a High Priest of Dithmenos.
             Killed from afar by a purple draconian shifter (43 damage)
             ... with a bolt of dispelling energy
             ... in the Dungeon (Sprint II: "The Violet Keep of Menkaure").
             The game lasted 00:11:59 (1308 turns).

Groucho the Unseen (Spriggan Enchanter)             Turns: 1308, Time: 00:11:59

Health: -8/52      AC:  2    Str:  4    XL:     11   Next: 52%
Magic:  12/28      EV: 18    Int: 20    God:    Dithmenos [*****.]
Gold:   787        SH:  0    Dex: 17    Spells: 11/34 levels left

rFire   + . .        a - +1 dagger
rCold   . . .        (no shield)
rNeg    . . .        b - +0 robe
rPois   .            (helmet restricted)
rElec   .            (no cloak)
rCorr   .            (gloves unavailable)
SInv    +            (boots unavailable)
Will    +....        (no amulet)
Stlth   ++++++++++   f - ring of protection from fire
HPRegen 0.28/turn    j - ring of flight
MPRegen 0.21/turn

%: no teleportation
@: flying, wreathed by umbra, very quick
A: very small, no large weapons, unfitting armour, see invisible, speed 3
a: Renounce Religion, Shadow Step, Shadow Form


You were in the Dungeon.
You worshipped Dithmenos.
Dithmenos was extremely pleased with you.
You visited 1 branch You collected 1853 gold pieces.
You spent 1066 gold pieces at shops.

Inventory:

Hand Weapons
 a - a +1 dagger (weapon)
Armour
 b - a +0 robe (worn)
 k - a +0 troll leather armour
 D - an orb of energy
Magical Staves
 w - a staff of conjuration
Jewellery
 f - a ring of protection from fire (left hand)
 j - a ring of flight (right hand)
 o - a +6 ring of dexterity
 t - a ring of fire
 B - a ring of positive energy
Scrolls
 l - 2 scrolls of identify {unknown}
 n - a scroll of fog {unknown}
 p - 2 scrolls of poison {unknown}
 v - a scroll of silence {unknown}
 y - a scroll of immolation {unknown}
 C - a scroll of enchant armour {unknown}
Potions
 c - 7 potions of flight {unknown}
 d - a potion of curing
 e - 2 potions of heal wounds
 g - 5 potions of magic
 h - a potion of berserk rage
 m - 2 potions of might {unknown}
 q - 2 potions of cancellation {unknown}
 r - a potion of haste
 s - 3 potions of resistance {unknown}
 u - a potion of brilliance {unknown}
 x - a potion of attraction {unknown}
 A - a potion of lignification {unknown}


   Skills:
 - Level 3.0 Fighting
 - Level 10.0 Short Blades
 - Level 3.0 Dodging
 - Level 15.0 Stealth
 - Level 12.0 Spellcasting
 * Level 11.8 Conjurations
 - Level 14.0 Hexes
 * Level 13.9 Earth Magic


You had 11 spell levels left.
You knew the following spells:

 Your Spells              Type           Power      Damage    Failure   Level
a - Ensorcelled Hibernat  Hex/Ice        80%        N/A       1%          2
b - Confusing Touch       Hex            61%        N/A       1%          3
c - Dazzling Flash        Conj/Hex       100%       N/A       1%          3
d - Tukima's Dance        Hex            61%        N/A       1%          3
e - Iron Shot             Conj/Erth      29%        9d6       4%          6
f - Starburst             Conj/Fire      17%        6d6       58%         6

Your spell library contained the following spells:

 Spells                   Type           Power      Damage    Failure   Level
 Summon Guardian Golem    Hex/Summ       40%        N/A       1%          3
 Sticky Flame             Conj/Fire      35%        2d5       4%          4
 Apportation              Tloc           24%        N/A       5%          1
 Necrotise                Necr           48%        1d6       5%          1
 Summon Small Mammal      Summ           48%        N/A       5%          1
 Cigotuvi's Dreadful Rot  Necr/Pois/Air  24%        N/A       9%          2
 Sublimation of Blood     Necr           12%        N/A       9%          2
 Wereblood                Tmut           12%        N/A       9%          2
 Call Canine Familiar     Summ           12%        N/A       17%         3
 Ignite Poison            Fire/Tmut/Pois 12%        N/A       17%         3
 Freezing Cloud           Conj/Ice/Air   13%        6-21      30%         5
 Summon Hydra             Summ           6%         N/A       100%        7


Dungeon Overview and Level Annotations

Branches:
Dungeon (1/1)

Altars:
Cheibriados
Dithmenos
Elyvilon
Fedhas
Gozag
Hepliaklqana
Kikubaaqudgha
Makhleb
Nemelex Xobeh
Okawaru
Qazlal
Ru
Sif Muna
Trog
Uskayaw
Vehumet
Wu Jian
Xom
Yredelemnul
Zin
The Shining One
Jiyva
Lugonu

Shops:
D :!(=*!=!!:=[[?[

Annotations:
D exclusions: oklob plant and orange crystal statue, Sonja


Innate Abilities, Weirdness & Mutations

You are very small and have problems with some larger weapons.
You are too small for most types of armour.
You have supernaturally acute eyesight. (SInv)
You cover ground extremely quickly. (Speed+++)


Message History

Press: ? - help, Shift-Dir - straight line, f - purple draconian shifter
Aim: a purple draconian shifter, wielding a +0 whip and wearing a +0 cloak (umbra, 50% to hit)
The iron shot misses the purple draconian shifter.
You feel sick.
The purple draconian shifter mumbles some strange words.
The purple draconian shifter blinks!
Unknown command.
Unknown command.
Casting: Iron Shot (quite dangerous; 4% risk of failure)
Confirm with . or Enter, or press ? or * to list all spells.
You can't see any susceptible monsters within range! (Use Z to cast anyway.)
Casting: Iron Shot (quite dangerous; 4% risk of failure)
Confirm with . or Enter, or press ? or * to list all spells.
Aiming: Tukima's Dance (safe; 1% risk of failure)
Press: ? - help, Shift-Dir - straight line, f/p - purple draconian shifter
Aim: a purple draconian shifter, wielding a +0 whip and wearing a +0 cloak (umbra, chance to affect: 0%)
Okay, then.
You feel sick.
You are no longer poisoned.
There is an open door here.
You see here a +0 dagger.
You see here a +0 scale mail.
Casting: Tukima's Dance (safe; 1% risk of failure)
Confirm with . or Enter, or press ? or * to list all spells.
Aiming: Tukima's Dance (safe; 1% risk of failure)
Press: ? - help, Shift-Dir - straight line, f/p - purple draconian shifter
Aim: a purple draconian shifter, wielding a +0 whip and wearing a +0 cloak (umbra, chance to affect: 0%)
The purple draconian shifter resists with almost no effort.
Unknown command.
Casting: Tukima's Dance (safe; 1% risk of failure)
Confirm with . or Enter, or press ? or * to list all spells.
The spell is quite dangerous to miscast (4% risk of failure)!
Continue anyway?
Aiming: Iron Shot (quite dangerous; 4% risk of failure)
Press: ? - help, Shift-Dir - straight line, f/p - purple draconian shifter
Aim: a purple draconian shifter, wielding a +0 whip and wearing a +0 cloak (umbra, 50% to hit)
The iron shot misses the purple draconian shifter.
The purple draconian shifter breathes dispelling energy at you.
The bolt of dispelling energy hits you!!!
Ouch! That really hurt!
You die...

####....#.##))▓▓▓▓▓▓▓▓▓▓▓▓+▓▓
#).'....#.÷#"○▓...((...▓▓...▓
#..####.#.÷#°[▓....).(.▓▓.⌠.▓
####..'.##.#))▓.[...)..▓▓...▓
...#..#...####▓)...(...▓▓...▓
..#####..##)#▓.[[)).[.▓▓$..▓
##..#..'^.#..#▓[..)....▓▓$.Y▓
.#..#.(#..#†.#▓....(.[.▓▓.⌠$▓
.'..####..##.#▓.@[..q..▓▓..K▓
.#....###.^.##▓▓▓▓▓▓▓'▓▓▓▓K▓▓
##......~~~~~~~~~~~~~...≈≈≈▓
#~~.....~#'########'###.≈≈≈▓
~~~§§§..~#_._.....#~~§##≈≈≈▓
~~~§§~~.~#._._....#§§§≈####▓▓▓▓▓
~≈≈§~~§~~#_._._...#§§~~≈##.§#..▓
~§§§≈≈~~~#._._._..#§§§§≈§#.§#.†▓
~§§§≈≈§≈~#_._._._.#§§§~~≈'..'..▓


You could see a purple draconian shifter (catching breath).

Vanquished Creatures
  A deep elf master archer (D)
  A kraken (D)
  2 sphinxes (D)
  A crystal guardian (D)
  An iron elemental (D)
  A glowing orange brain (D)
  2 death drakes (D)
  2 deep trolls (D)
  A merfolk siren (D)
  A yaktaur (D)
  3 polar bears (D)
  A hornet (D)
  3 yaks (D)
  4 neqoxecs (D)
  A vampire mosquito (D)
  2 redbacks (D)
  Menkaure (D)
  4 water moccasins (D)
  2 swamp drakes (D)
  4 scorpions (D)
  3 worms (D)
41 creatures vanquished.

Vanquished Creatures (others)
  A water moccasin (D)
  3 tentacles (D)
4 creatures vanquished.

Grand Total: 45 creatures vanquished

Notes
Turn   | Place    | Note
-------+----------+-------------------------------------------
     0 | D        | Groucho the Spriggan Enchanter began the quest for the Orb.
     0 | D        | Reached XP level 1. HP: 9/9 MP: 5/5
     5 | D        | Noticed a scorpion
     5 | D        | Noticed a scorpion
     7 | D        | Noticed a scorpion
     7 | D        | Noticed a scorpion
     8 | D        | Killed a scorpion
     9 | D        | Reached skill level 6 in Stealth
     9 | D        | Reached skill level 5 in Spellcasting
     9 | D        | Reached skill level 5 in Hexes
     9 | D        | Reached XP level 2. HP: 16/16 MP: 6/9
     9 | D        | Reached XP level 3. HP: 19/19 MP: 6/10
     9 | D        | Killed a scorpion
    10 | D        | Reached skill level 5 in Short Blades
    10 | D        | Reached skill level 9 in Stealth
    10 | D        | Reached XP level 4. HP: 24/24 MP: 7/12
    11 | D        | Killed a scorpion
    12 | D        | Reached skill level 12 in Stealth
    12 | D        | Reached XP level 5. HP: 28/28 MP: 7/13
    15 | D        | Reached skill level 14 in Stealth
    20 | D        | Noticed a neqoxec
    23 | D        | Killed a neqoxec
    24 | D        | Reached skill level 15 in Stealth
    24 | D        | Reached XP level 6. HP: 32/32 MP: 8/14
    24 | D        | Noticed a neqoxec
    25 | D        | Killed a neqoxec
    26 | D        | Noticed a neqoxec
    26 | D        | Noticed a neqoxec
    28 | D        | Killed a neqoxec
    29 | D        | Reached XP level 7. HP: 36/36 MP: 8/15
    30 | D        | Killed a neqoxec
    31 | D        | Reached skill level 10 in Short Blades
    31 | D        | Reached skill level 10 in Hexes
    51 | D        | Noticed a merfolk siren
    56 | D        | Killed a merfolk siren
    57 | D        | Reached XP level 8. HP: 40/40 MP: 9/16
    77 | D        | Learned a level 2 spell: Ensorcelled Hibernation
    81 | D        | Learned a level 3 spell: Confusing Touch
    85 | D        | Learned a level 3 spell: Dazzling Flash
    89 | D        | Learned a level 3 spell: Tukima's Dance
    94 | D        | Found Moarag's Distillery.
    94 | D        | Found Cibeavul's Jewellery Shoppe.
    94 | D        | Found Zokuiph's Antique Armour Shoppe.
    94 | D        | Found Kiag's Jewellery Emporium.
    94 | D        | Found Vizeon's Antique Armour Shoppe.
    94 | D        | Found Qiti Koptu's Book Emporium.
    95 | D        | Found Horof's Magic Scroll Emporium.
    95 | D        | Found Deoxzot's Distillery.
    95 | D        | Found Ryofij's General Store.
    95 | D        | Found Kaaf's Jewellery Emporium.
    99 | D        | Found Uluaf's Antique Weapon Shoppe.
    99 | D        | Found Zouthrom's Antique Armour Shoppe.
    99 | D        | Found Xofoamedaec's Distillery.
    99 | D        | Found Puppuy's Distillery.
   109 | D        | Noticed an oklob plant
   109 | D        | Noticed a slime creature
   110 | D        | Found Ocuwn's Book Shoppe.
   110 | D        | Noticed a slime creature
   112 | D        | Noticed a slime creature
   117 | D        | Noticed a cane toad
   118 | D        | Noticed a cane toad
   154 | D        | Bought the Annotations on Traumaturgy for 418 gold pieces
   163 | D        | Learned a level 6 spell: Iron Shot
   164 | D        | Bought a ring of protection from fire for 350 gold pieces
   189 | D        | Found an iron altar of Okawaru.
   189 | D        | Found a radiant altar of Vehumet.
   189 | D        | Found a glowing silver altar of Zin.
   190 | D        | Found a sparkling altar of Nemelex Xobeh.
   190 | D        | Found a hide-covered altar of Uskayaw.
   190 | D        | Found a basalt altar of Yredelemnul.
   191 | D        | Found an opulent altar of Gozag.
   191 | D        | Found a burning altar of Makhleb.
   191 | D        | Found a bloodstained altar of Trog.
   191 | D        | Found a shimmering altar of Xom.
   192 | D        | Found a blossoming altar of Fedhas.
   192 | D        | Found a corrupted altar of Lugonu.
   192 | D        | Found a shimmering blue altar of Sif Muna.
   193 | D        | Found a white marble altar of Elyvilon.
   193 | D        | Found an ancient bone altar of Kikubaaqudgha.
   193 | D        | Found a sacrificial altar of Ru.
   194 | D        | Found a shadowy altar of Dithmenos.
   194 | D        | Found a viscous altar of Jiyva.
   194 | D        | Noticed Menkaure
   195 | D        | Found a snail-covered altar of Cheibriados.
   196 | D        | Found a hazy altar of Hepliaklqana.
   197 | D        | Found a glowing golden altar of the Shining One.
   197 | D        | Found an ornate altar of the Wu Jian Council.
   197 | D        | Found a stormy altar of Qazlal.
   202 | D        | Became a worshipper of Dithmenos the Shadowed
   212 | D        | Killed Menkaure
   213 | D        | Reached skill level 1 in Earth Magic
   218 | D        | Reached skill level 1 in Conjurations
   220 | D        | Reached * piety under Dithmenos
   232 | D        | Reached ** piety under Dithmenos
   233 | D        | Reached skill level 5 in Earth Magic
   240 | D        | Noticed a deep elf master archer
   244 | D        | Noticed an iron elemental
   246 | D        | Killed an iron elemental
   247 | D        | Reached skill level 5 in Conjurations
   247 | D        | Reached XP level 9. HP: 44/44 MP: 14/21
   270 | D        | Noticed a yaktaur
   270 | D        | Noticed a polar bear
   271 | D        | Noticed a polar bear
   271 | D        | Noticed a polar bear
   272 | D        | Killed a polar bear
   273 | D        | Killed a polar bear
   275 | D        | Killed a polar bear
   275 | D        | Reached *** piety under Dithmenos
   278 | D        | Killed a yaktaur
   313 | D        | Bought a ring of flight for 210 gold pieces
   349 | D        | Learned a level 6 spell: Starburst
   358 | D        | Noticed an orange crystal statue
   410 | D        | Bought a potion of invisibility for 88 gold pieces
   624 | D        | Noticed a kraken
   645 | D        | Killed a kraken
   645 | D        | Reached **** piety under Dithmenos
   646 | D        | Reached skill level 10 in Spellcasting
   646 | D        | Reached XP level 10. HP: 49/49 MP: 23/25
   665 | D        | Reached skill level 10 in Earth Magic
   666 | D        | Noticed a deep troll
   666 | D        | Noticed a deep troll
   686 | D        | Killed a deep troll
   691 | D        | Killed a deep troll
   691 | D        | Reached ***** piety under Dithmenos
   708 | D        | Found the necklace of Bloodlust {Fury *Rage Will++ Int-3
                  | Slay+6}
   883 | D        | Noticed a sphinx
   884 | D        | Noticed a sphinx
   886 | D        | Killed a sphinx
   887 | D        | Killed a sphinx
   888 | D        | Reached skill level 10 in Conjurations
   888 | D        | Reached XP level 11. HP: 52/52 MP: 26/28
   933 | D        | Noticed a death drake
   945 | D        | Killed a deep elf master archer
   956 | D        | Noticed a death drake
   956 | D        | Noticed a crystal guardian
   960 | D        | Killed a crystal guardian
   961 | D        | Killed a death drake
   969 | D        | Killed a death drake
  1285 | D        | Noticed Sonja
  1285 | D        | Noticed a purple draconian shifter
  1285 | D        | Noticed a glowing orange brain
  1286 | D        | Noticed a hellephant
  1289 | D        | Killed a glowing orange brain
  1308 | D        | Killed from afar by a purple draconian shifter

Illustrated notes

Levels and vault maps discovered:
D:        the_violet_keep_of_menkaure [sprint2_stairs_cluster_1,
          sprint2_shoproom, sprint2_temple, sprint2_basic_supplies,
          sprint2_obstacle_7, sprint2_obstacle_4, sprint2_obstacle_5,
          sprint2_obstacle_2, sprint2_obstacle_6, sprint2_timed_cluster_1,
          sprint2_smallroom_cluster_1, sprint2_smallroom_final_cluster_1,
          sprint2_transparent_cluster_1, sprint2_second_timed_cluster_1,
          sprint2_sniper_area_1, sprint2_heavy_combat_area_1,
          sprint2_mutation_trap_area_1, sprint2_forest_area_1,
          sprint2_light_combat_area_1, sprint2_behind_water_1,
          sprint2_near_end_vault_1]

Skill      XL: |  1  2  3  4  5  6  7  8  9 10 11 |
---------------+----------------------------------+-----
Fighting       | 2 3 |  3.0
Short Blades   | 3 5 7 9 10 | 10.0
Dodging        | 3 |  3.0
Stealth        | 6 9 12 15 | 15.0
Spellcasting   | 5 7 10 12 | 12.0
Hexes          | 5 7 9 13 14 | 14.0
Earth Magic    | 6 9 12 13 | 13.9
Conjurations   | 5 8 10 11 | 11.8

Action                     |  1- 3 |  4- 6 |  7- 9 | 10-12 || total
---------------------------+-------+-------+-------+-------++-------
  Melee: Dagger            |     2 |     5 |    37 |    22 ||    66
   Cast: Ensorcelled Hiber |       |       |     2 |     7 ||     9
         Confusing Touch   |       |       |     1 |       ||     1
         Iron Shot         |       |       |       |     2 ||     2
         Tukima's Dance    |       |       |       |     1 ||     1
 Invoke: Shadow Step       |       |       |       |     1 ||     1
    Use: Potion            |     2 |       |     2 |     4 ||     8
         Scroll            |       |       |       |     1 ||     1
   Stab: Sleeping          |     2 |     5 |    18 |    14 ||    39
         Invisible         |       |       |     5 |     1 ||     6
         Confused          |       |       |     1 |       ||     1
  Dodge: Dodged            |       |       |     9 |    14 ||    23
